TOP OF THE 1ST |
Chicago (NYP) White Sox batting - Pitching for Connecticut Tigers : RHP Dale Gilbert
|
Pitching: RHP Dale Gilbert
|
|
Batting: LHB Adam Tarbutton
|
0-0: Called Strike 0-1: Ball 1-1: Foul Ball, location: 2F 1-2: Ball 2-2: Ball 3-2: Base on Balls
|
Batting: RHB Russ Cornett
|
0-0: Ball 1-0: Called Strike 1-1: Ball 2-1: Foul Ball, location: 2F 2-2: Foul Ball, location: 2F 2-2: Grounds into double play, 5-4-3 (Groundball, 5, EV 81.2 MPH)
|
Batting: SHB Alfie Bungledorf
|
0-0: Called Strike 0-1: Swinging Strike 0-2: Ball 1-2: Ground out 4-3 (Groundball, 4M, EV 81.2 MPH)
|
Top of the 1st over - 0 runs, 0 hits, 0 errors, 0 left on base; Chicago (NYP) 0 - Connecticut 0 |
BOTTOM OF THE 1ST |
Connecticut Tigers batting - Pitching for Chicago (NYP) White Sox : RHP Alan Phillips
|
Pitching: RHP Alan Phillips
|
|
Batting: RHB Emil Wilbrink
|
0-0: Ball 1-0: Swinging Strike 1-1: Called Strike 1-2: Fly out, F6 (Popup, 4M, EV 73.1 MPH)
|
Batting: LHB Bobby Adams
|
0-0: Ball 1-0: Ball 2-0: Ball 3-0: Called Strike 3-1: Base on Balls
|
Batting: LHB Claudio Kamminga
|
0-0: Foul Ball, location: 2F 0-1: Called Strike 0-2: Strikes out looking
|
Batting: LHB Andy Sanchez
|
0-0: Called Strike 0-1: Ball 1-1: Ball 2-1: Ball 3-1: Foul Ball, location: 2F 3-2: Base on Balls Bobby Adams to second
|
Batting: SHB Ryan Clark
|
0-0: Ball 1-0: Called Strike 1-1: Fly out, F6 (Line Drive, 6, EV 66.9 MPH)
|
Bottom of the 1st over - 0 runs, 0 hits, 0 errors, 2 left on base; Chicago (NYP) 0 - Connecticut 0 |
TOP OF THE 2ND |
Chicago (NYP) White Sox batting - Pitching for Connecticut Tigers : RHP Dale Gilbert
|
Batting: RHB Adan Lake
|
0-0: Ball 1-0: Swinging Strike 1-1: Foul Ball, location: 2F 1-2: Foul Ball, location: 2F 1-2: Ball 2-2: Foul Ball, location: 2F 2-2: Ball 3-2: Foul Ball, location: 2F 3-2: Base on Balls
|
Batting: RHB Scott Schwartz
|
0-0: Fly out, F8 (Flyball, 8RXD, EV 99.4 MPH)
|
Batting: RHB David Clark
|
0-0: Swinging Strike 0-1: Ball 1-1: Fly out, F6 (Popup, 6MS, EV 80.6 MPH)
|
Batting: RHB Armando Vazquez
|
0-0: Ball 1-0: Foul Ball, location: 2F 1-1: Called Strike 1-2: Ball 2-2: Foul Ball, location: 2F 2-2: Foul Ball, location: 2F 2-2: Foul Ball, location: 2F 2-2: Ball 3-2: SINGLE (Flyball, 56D, EV 89.4 MPH) Adan Lake to second Adan Lake to third
|
Batting: RHB Alex Belton
|
0-0: Ball Armando Vazquez steals 2nd, throwing error, E2 Adan Lake scores Armando Vazquez to third 1-0: Called Strike 1-1: Ball 2-1: Ball 3-1: Foul Ball, location: 2F 3-2: Ground out 5-3 (Groundball, 56, EV 109.4 MPH)
|
Top of the 2nd over - 1 run, 1 hit, 1 error, 1 left on base; Chicago (NYP) 1 - Connecticut 0 |
BOTTOM OF THE 2ND |
Connecticut Tigers batting - Pitching for Chicago (NYP) White Sox : RHP Alan Phillips
|
Batting: LHB Jon Pedlar
|
0-0: Called Strike 0-1: Ground out 1-3 (Groundball, 13S, EV 70.0 MPH)
|
Batting: RHB Jeremiah Washington
|
0-0: Ground out 4-3 (Groundball, 34, EV 79.4 MPH)
|
Batting: LHB Tokugoro Adachi
|
0-0: Called Strike 0-1: Ball 1-1: Called Strike 1-2: Strikes out swinging
|
Bottom of the 2nd over - 0 runs, 0 hits, 0 errors, 0 left on base; Chicago (NYP) 1 - Connecticut 0 |
TOP OF THE 3RD |
Chicago (NYP) White Sox batting - Pitching for Connecticut Tigers : RHP Dale Gilbert
|
Batting: RHB Ioan Biros
|
0-0: Foul Ball, location: 2F 0-1: Ball 1-1: Swinging Strike 1-2: Strikes out swinging
|
Batting: LHB Adam Tarbutton
|
0-0: Ball 1-0: Foul Ball, location: 2F 1-1: Ball 2-1: Ground out 5-3 (Groundball, 56, EV 98.1 MPH)
|
Batting: RHB Russ Cornett
|
0-0: Called Strike 0-1: Ball 1-1: Swinging Strike 1-2: Ball 2-2: Strikes out swinging
|
Top of the 3rd over - 0 runs, 0 hits, 0 errors, 0 left on base; Chicago (NYP) 1 - Connecticut 0 |
BOTTOM OF THE 3RD |
Connecticut Tigers batting - Pitching for Chicago (NYP) White Sox : RHP Alan Phillips
|
Batting: RHB Omar del Pino
|
0-0: Foul Ball, location: 2F 0-1: Fly out, F9 (Flyball, 9, EV 75.6 MPH)
|
Batting: RHB Emil Wilbrink
|
0-0: Ball 1-0: Swinging Strike 1-1: Ball 2-1: Fly out, F8 (Flyball, 8RM, EV 90.6 MPH)
|
Batting: LHB Bobby Adams
|
0-0: Ground out 6-3 (Groundball, 4MD, EV 89.4 MPH)
|
Bottom of the 3rd over - 0 runs, 0 hits, 0 errors, 0 left on base; Chicago (NYP) 1 - Connecticut 0 |
TOP OF THE 4TH |
Chicago (NYP) White Sox batting - Pitching for Connecticut Tigers : RHP Dale Gilbert
|
Batting: SHB Alfie Bungledorf
|
0-0: Foul Ball, location: 2F 0-1: Foul Ball, location: 2F 0-2: Ball 1-2: Ball 2-2: Ball 3-2: Strikes out swinging
|
Batting: RHB Adan Lake
|
0-0: Ground out 1-3 (Groundball, 15S, EV 63.1 MPH)
|
Batting: RHB Scott Schwartz
|
0-0: Ball 1-0: Called Strike 1-1: Called Strike 1-2: Ball 2-2: Ball 3-2: Fly out, F9 (Flyball, 9D, EV 82.5 MPH)
|
Top of the 4th over - 0 runs, 0 hits, 0 errors, 0 left on base; Chicago (NYP) 1 - Connecticut 0 |
BOTTOM OF THE 4TH |
Connecticut Tigers batting - Pitching for Chicago (NYP) White Sox : RHP Alan Phillips
|
Batting: LHB Claudio Kamminga
|
0-0: Called Strike 0-1: Foul Ball, location: 2F 0-2: Foul Ball, location: 2F 0-2: SINGLE (Groundball, 3D, EV 108.8 MPH)
|
Batting: LHB Andy Sanchez
|
0-0: Ball 1-0: 2-RUN HOME RUN (Flyball, 7LD, EV 93.1 MPH), Distance : 350 ft
|
Batting: SHB Ryan Clark
|
0-0: Swinging Strike 0-1: Foul Ball, location: 2F 0-2: Ball 1-2: Ground out 6-3 (Groundball, 4M, EV 104.4 MPH)
|
Batting: LHB Jon Pedlar
|
0-0: Fly out, F7 (Line Drive, 78M, EV 91.2 MPH)
|
Batting: RHB Jeremiah Washington
|
0-0: Called Strike 0-1: Ground out 4-3 (Groundball, 4, EV 81.2 MPH)
|
Bottom of the 4th over - 2 runs, 2 hits, 0 errors, 0 left on base; Chicago (NYP) 1 - Connecticut 2 |
TOP OF THE 5TH |
Chicago (NYP) White Sox batting - Pitching for Connecticut Tigers : RHP Dale Gilbert
|
Batting: RHB David Clark
|
0-0: Ball 1-0: Ball 2-0: Ball 3-0: Called Strike 3-1: Base on Balls
|
Batting: RHB Armando Vazquez
|
0-0: Foul Ball, location: 2F 0-1: Ball 1-1: Ball David Clark steals 2nd base 2-1: Swinging Strike 2-2: Strikes out swinging
|
Batting: RHB Alex Belton
|
0-0: Swinging Strike 0-1: Called Strike 0-2: Strikes out swinging
|
Batting: RHB Ioan Biros
|
0-0: Ball 1-0: Foul Ball, location: 2F 1-1: Foul Ball, location: 2F 1-2: Ball 2-2: Ball 3-2: Base on Balls
|
Pitching: RHP Fernando Fierros
|
|
Batting: LHB Adam Tarbutton
|
0-0: Called Strike 0-1: Ball 1-1: Called Strike 1-2: Ball 2-2: Foul Ball, location: 2F 2-2: Ball 3-2: Foul Ball, location: 2F 3-2: Fly out, F8 (Flyball, 89M, EV 96.2 MPH)
|
Top of the 5th over - 0 runs, 0 hits, 0 errors, 2 left on base; Chicago (NYP) 1 - Connecticut 2 |
BOTTOM OF THE 5TH |
Connecticut Tigers batting - Pitching for Chicago (NYP) White Sox : RHP Alan Phillips
|
Batting: LHB Tokugoro Adachi
|
0-0: Ball 1-0: Ground out 6-3 (Groundball, 6, EV 101.9 MPH)
|
Batting: RHB Omar del Pino
|
0-0: Ball 1-0: Foul Ball, location: 2F 1-1: Swinging Strike 1-2: Strikes out swinging
|
Batting: RHB Emil Wilbrink
|
0-0: Foul Ball, location: 2F 0-1: Ball 1-1: Foul Ball, location: 2F 1-2: Ground out 4-3 (Groundball, 4, EV 96.9 MPH)
|
Bottom of the 5th over - 0 runs, 0 hits, 0 errors, 0 left on base; Chicago (NYP) 1 - Connecticut 2 |
TOP OF THE 6TH |
Chicago (NYP) White Sox batting - Pitching for Connecticut Tigers : RHP Fernando Fierros
|
Batting: RHB Russ Cornett
|
0-0: Foul Ball, location: 2F 0-1: DOUBLE (Flyball, 8RXD, EV 110.0 MPH)
|
Batting: SHB Alfie Bungledorf
|
0-0: Ball 1-0: Fly out, F9 (Flyball, 9, EV 82.5 MPH)
|
Batting: RHB Adan Lake
|
0-0: Called Strike 0-1: Ball 1-1: Swinging Strike 1-2: Strikes out swinging
|
Batting: LHB James Groshong
|
0-0: Called Strike 0-1: Ball 1-1: Called Strike 1-2: Ball 2-2: Ball 3-2: Foul Ball, location: 2F 3-2: Fly out, F8 (Flyball, 78S, EV 86.2 MPH)
|
Top of the 6th over - 0 runs, 1 hit, 0 errors, 1 left on base; Chicago (NYP) 1 - Connecticut 2 |
BOTTOM OF THE 6TH |
Connecticut Tigers batting - Pitching for Chicago (NYP) White Sox : RHP Alan Phillips
|
Batting: LHB Bobby Adams
|
0-0: Ball 1-0: Called Strike 1-1: Ball 2-1: Foul Ball, location: 2F 2-2: Foul Ball, location: 2F 2-2: Ground out 5-3 (Groundball, 5, EV 85.0 MPH)
|
Batting: LHB Claudio Kamminga
|
0-0: Ball 1-0: Foul Ball, location: 2F 1-1: Ground out 6-3 (Groundball, 6, EV 106.2 MPH)
|
Batting: LHB Andy Sanchez
|
0-0: Ball 1-0: Called Strike 1-1: Ball 2-1: Foul Ball, location: 2F 2-2: Strikes out swinging
|
Bottom of the 6th over - 0 runs, 0 hits, 0 errors, 0 left on base; Chicago (NYP) 1 - Connecticut 2 |
TOP OF THE 7TH |
Chicago (NYP) White Sox batting - Pitching for Connecticut Tigers : RHP Fernando Fierros
|
Now at 1B: Bobby Adams
|
|
Now at SS: Duri Chilemba
|
|
Batting: RHB David Clark
|
0-0: Ball 1-0: Ball 2-0: TRIPLE (Line Drive, 78XD, EV 111.9 MPH)
|
Batting: RHB Armando Vazquez
|
0-0: Called Strike 0-1: Bunted foul 0-2: Ball 1-2: Ball 2-2: Ball 3-2: Strikes out looking
|
Pinch Hitting: SHB Curtis Thompson
|
0-0: Ground out 4-3 (Groundball, 34, EV 105.0 MPH)
|
Batting: RHB Ioan Biros
|
0-0: Ball 1-0: Foul Ball, location: 2F 1-1: Called Strike 1-2: Strikes out swinging
|
Top of the 7th over - 0 runs, 1 hit, 0 errors, 1 left on base; Chicago (NYP) 1 - Connecticut 2 |
BOTTOM OF THE 7TH |
Connecticut Tigers batting - Pitching for Chicago (NYP) White Sox : RHP Alan Phillips
|
Now at 2B: Curtis Thompson
|
|
Batting: SHB Ryan Clark
|
0-0: DOUBLE (Line Drive, 9LS, EV 94.4 MPH)
|
Batting: LHB Jon Pedlar
|
0-0: Foul Ball, location: 2F 0-1: Ball 1-1: Ball 2-1: Fly out, F9 (Flyball, 9, EV 85.6 MPH)
|
Batting: RHB Jeremiah Washington
|
0-0: Ball 1-0: Called Strike 1-1: Ground out 5-3 (Groundball, 56S, EV 66.2 MPH) Ryan Clark to third
|
Batting: LHB Tokugoro Adachi
|
0-0: DOUBLE (Groundball, 3L, EV 109.4 MPH) Ryan Clark scores
|
Batting: RHB Omar del Pino
|
0-0: Ball 1-0: Called Strike 1-1: Ball 2-1: Foul Ball, location: 2F 2-2: Ground out 4-3 (Groundball, 34, EV 83.8 MPH)
|
Bottom of the 7th over - 1 run, 2 hits, 0 errors, 1 left on base; Chicago (NYP) 1 - Connecticut 3 |
TOP OF THE 8TH |
Chicago (NYP) White Sox batting - Pitching for Connecticut Tigers : RHP Fernando Fierros
|
Now at 3B: Orlando Blanco
|
|
Now at SS: Duri Chilemba
|
|
Batting: LHB Adam Tarbutton
|
0-0: Foul Ball, location: 2F 0-1: Swinging Strike 0-2: Foul Ball, location: 2F 0-2: Foul Ball, location: 2F 0-2: Ball 1-2: Foul Ball, location: 2F 1-2: Ball 2-2: Ball 3-2: Ground out 6-3 (Groundball, 6M, EV 88.1 MPH)
|
Batting: RHB Russ Cornett
|
0-0: Called Strike 0-1: DOUBLE (Groundball, 5L, EV 108.8 MPH)
|
Batting: SHB Alfie Bungledorf
|
0-0: Ball 1-0: Ball 2-0: Foul Ball, location: 2F 2-1: Ball 3-1: Foul Ball, location: 2F 3-2: Strikes out swinging
|
Pitching: RHP Ruud Reintjens
|
|
Batting: RHB Adan Lake
|
0-0: Ball 1-0: Called Strike 1-1: Called Strike 1-2: Ball 2-2: SINGLE (Groundball, 6MD, EV 95.0 MPH) Russ Cornett to third Runner from 3rd tries for Home, SAFE, throw by CF to home
|
Batting: LHB James Groshong
|
0-0: Ball 1-0: Ball 2-0: Ball 3-0: Base on Balls Adan Lake to second
|
Batting: RHB David Clark
|
0-0: Ball 1-0: Called Strike 1-1: Foul Ball, location: 2F 1-2: Fly out, F8 (Flyball, 8LXD, EV 95.0 MPH)
|
Top of the 8th over - 1 run, 2 hits, 0 errors, 2 left on base; Chicago (NYP) 2 - Connecticut 3 |
BOTTOM OF THE 8TH |
Connecticut Tigers batting - Pitching for Chicago (NYP) White Sox : RHP Alan Phillips
|
Batting: RHB Emil Wilbrink
|
0-0: Foul Ball, location: 2F 0-1: Foul Ball, location: 2F 0-2: Foul Ball, location: 2F 0-2: Strikes out looking
|
Batting: LHB Bobby Adams
|
0-0: Ground out 6-3 (Groundball, 6D, EV 85.6 MPH)
|
Batting: SHB Duri Chilemba
|
0-0: Ball 1-0: Ground out 6-3 (Groundball, 6, EV 108.1 MPH)
|
Bottom of the 8th over - 0 runs, 0 hits, 0 errors, 0 left on base; Chicago (NYP) 2 - Connecticut 3 |
TOP OF THE 9TH |
Chicago (NYP) White Sox batting - Pitching for Connecticut Tigers : RHP Ruud Reintjens
|
Batting: RHB Armando Vazquez
|
0-0: Ball 1-0: Foul Ball, location: 2F 1-1: Fly out, F8 (Flyball, 8LM, EV 93.1 MPH)
|
Batting: SHB Curtis Thompson
|
0-0: Ball 1-0: Ball 2-0: Foul Ball, location: 2F 2-1: Ball 3-1: Fly out, F9 (Flyball, 9S, EV 87.5 MPH)
|
Pinch Hitting: RHB Will Washburn
|
0-0: Called Strike 0-1: Ball 1-1: Ball 2-1: Called Strike 2-2: Ball 3-2: Base on Balls
|
Batting: LHB Adam Tarbutton
|
0-0: Ball 1-0: Ground out 4-3 (Groundball, 4, EV 96.9 MPH)
|
Top of the 9th over - 0 runs, 0 hits, 0 errors, 1 left on base; Chicago (NYP) 2 - Connecticut 3 |
|